 Dungeon Crawl Stone Soup version 0.27.1-16-g815e20cd7a (webtiles) character file.

Game seed: 14733326740922256305

93 pkoi the Ruffian (level 4, -7/38 HPs)
             Began as a Draconian Monk on Nov 24, 2021.
             Mangled by an orc warrior (15 damage)
             ... on level 3 of the Dungeon.
             The game lasted 00:03:33 (2416 turns).

pkoi the Ruffian (Draconian Monk)                   Turns: 2416, Time: 00:03:34

Health: -7/38      AC:  6    Str: 14    XL:     4   Next: 37%
Magic:  4/4        EV: 12    Int: 11    God:
Gold:   126        SH:  0    Dex: 13    Spells: 3/3 levels left

rFire    + . .     SeeInvis .     - Unarmed
rCold    . . .     Faith    .   (no shield)
rNeg     . . .     Spirit   .   (armour unavailable)
rPois    .         Reflect  .   (helmet restricted)
rElec    .         Harm     .   (no cloak)
rCorr    .         Rampage  .   (no gloves)
Will     .....                  b - +0 pair of boots
Stlth    ++........             (no amulet)
HPRegen  0.12/turn              a - ring of protection from fire
MPRegen  0.09/turn              (no ring)

@: no status effects
A: AC +5, unfitting armour, cold-blooded
a: no special abilities


You were on level 3 of the Dungeon.
You visited 1 branch of the dungeon, and saw 3 of its levels.

You collected 126 gold pieces.

Inventory:

Missiles
 c - 3 curare-tipped darts (quivered)
Armour
 b - a +0 pair of boots (worn)
Jewellery
 a - a ring of protection from fire (left hand)
Scrolls
 e - a scroll of teleportation


   Skills:
 - Level 3.2 Fighting
 - Level 2.6 Dodging
 - Level 1.7 Stealth
 + Level 5.2 Unarmed Combat


You had 3 spell levels left.
You didn't know any spells.
Your spell library contained the following spells:

 Spells                   Type           Power      Damage    Failure   Level
 Passwall                 Tmut/Erth      0%         N/A       47%         2
 Swiftness                Air            0%         N/A       71%         3
 Invisibility             Hex            0%         N/A       100%        6


Dungeon Overview and Level Annotations

Branches:
Dungeon (3/15)

Altars:


Innate Abilities, Weirdness & Mutations

Your plain brown scales are hard. (AC +5)
You cannot fit into any form of body armour.
You are cold-blooded and may be slowed by cold attacks.


Message History

d - a metallic brown potion
Found a scroll of teleportation.
e - a scroll of teleportation
Found a book of Burglary.
You pick up a book of Burglary and begin reading...
You add the spells Passwall, Swiftness and Invisibility to your library.
A dart slug comes into view.
A dart slug is nearby!
Found a ring mail.
You hit the dart slug but do no damage.
The dart slug bites you but does no damage.
You hit the dart slug.
The dart slug is moderately wounded.
You hit the dart slug.
The dart slug is severely wounded.
The dart slug launches a dart at you. The slug dart misses you.
You hit the dart slug.
You kill the dart slug!
Found a book of Callings.
You see here a dart slug corpse.
The orc warrior shouts!
You see here a dart slug corpse.
The orc shouts!
The orc warrior hits you with a +0 long sword!
The orc barely misses you.
The orc warrior hits you with a +0 long sword!
* * * LOW HITPOINT WARNING * * *
The orc misses you.
You see here a dart slug corpse.
Found a +0 dagger.
Found a stone staircase leading up.
It was a potion of curing.
You feel better.
The orc warrior hits you with a +0 long sword!
* * * LOW HITPOINT WARNING * * *
Okay, then.
The orc warrior hits you with a +0 long sword!
* * * LOW HITPOINT WARNING * * *
The orc warrior hits you with a +0 long sword!
You die...

###########
#........)#
#.#######.#
###############.####
.#
##..................#
.#
.......######.##o##.#
.#
##.##########.##.##.#
.#
##.#####........o##o#
.#
≈.≈§≈.##.####.##@##.#
.# .#.§.#....
#.##.##.## ≈.≈.§.≈#<#
#.##.#...###.###
.§.#...#
#.##.#..<.......
≈.≈.≈.≈..
..##.........###
.#...#.#.#
####.#########
§.≈.§.≈..# #.#
...#..... #.#
≈.≈.≈.≈. #.#


You could see an orc warrior and an orc.

Vanquished Creatures
  3 adders (D:2)
  3 worms (D:2)
  2 dart slugs
  An orc (D:3)
  4 ball pythons
  5 bats
  4 endoplasms
  A giant cockroach (D:2)
  5 goblins
  8 hobgoblins
  2 quokkas
  4 frilled lizards
  5 kobolds
  8 rats
55 creatures vanquished.

Notes
Turn   | Place    | Note
-------+----------+-------------------------------------------
     0 | D:1      | pkoi the Draconian Monk began the quest for the Orb.
     0 | D:1      | Reached XP level 1. HP: 19/19 MP: 1/1
   377 | D:1      | Reached XP level 2. HP: 23/26 MP: 2/2
   508 | D:1      | Found a faded altar of an unknown god.
   697 | D:1      | You fall into a shaft and drop 1 floor!
   712 | D:2      | Reached skill level 4 in Unarmed Combat
   811 | D:2      | Reached XP level 3. HP: 15/31 MP: 3/3
  1494 | D:2      | Reached XP level 4. HP: 38/38 MP: 4/4
  1499 | D:2      | Reached skill level 5 in Unarmed Combat
  1865 | D:3      | Noticed an orc warrior
  2416 | D:3      | Mangled by an orc warrior

Illustrated notes

Levels and vault maps discovered:
D:1:      ncdulo_smallfort, layout_basic, hellmonk_ecumenical_altar_run_dry
D:2:      layout_rooms, chequers_serial_rivers_micro_b, st_stairs_12,
          chequers_serial_rivers_micro_a
D:3:      layout_loops_ring, kennysheep_crisscross, serial_park_tiny_1,
          minmay_stone_trees_small

Skill      XL: |  1  2  3  4 |
---------------+-------------+-----
Unarmed Combat | 4 5 |  5.2
Fighting       | |  3.2
Dodging        | |  2.6
Stealth        | |  1.7

Action                   |  1- 3 |  4- 6 || total
-------------------------+-------+-------++-------
Melee: Unarmed           |   113 |    47 ||   160
       Tailslap          |    10 |     7 ||    17
       Punch             |     1 |     2 ||     3
  Use: Scroll            |     2 |       ||     2
       Potion            |       |     3 ||     3
 Stab: Sleeping          |     8 |     1 ||     9
Armor: Skin              |    25 |     9 ||    34
Dodge: Dodged            |    66 |    26 ||    92
